 Dungeon Crawl Stone Soup version 0.28.0-43-g3370ac3207 (webtiles) character file.

Game seed: 9673134155988336785

763 Zeld the Magician (level 7, -3/36 HPs)
             Began as a Deep Elf Fire Elementalist on Mar 12, 2022.
             Slain by a gnoll sergeant
             ... wielding a +1 trident of flaming
              (5 damage)
             ... on level 4 of the Dungeon.
             The game lasted 00:05:54 (5677 turns).

Zeld the Magician (Deep Elf Fire Elementalist)      Turns: 5677, Time: 00:05:55

Health: -3/36      AC:  6    Str:  5    XL:     7   Next: 51%
Magic:  19/28      EV: 13    Int: 22    God:
Gold:   262        SH:  0    Dex: 15    Spells: 12/19 levels left

rFire   . . .      SeeInvis .   (no weapon)
rCold   . . .      Faith    .   (no shield)
rNeg    . . .      Spirit   .   a - +0 robe
rPois   .          Reflect  .   (no helmet)
rElec   .          Harm     .   q - +0 cloak
rCorr   .          Rampage  .   m - +2 pair of gloves
Will    .....                   (no boots)
Stlth   +++.......              (no amulet)
HPRegen 0.12/turn               l - ring of magical power
MPRegen 0.21/turn               (no ring)

@: no status effects
A: no striking features
a: no special abilities


You were on level 4 of the Dungeon.
You visited 1 branch of the dungeon, and saw 4 of its levels.

You collected 262 gold pieces.

Inventory:

Armour
 a - a +0 robe (worn)
 m - a +2 pair of gloves (worn)
 q - a +0 cloak (worn)
Jewellery
 l - a ring of magical power (left hand)
Scrolls
 c - 5 scrolls of identify {unknown}
 e - a scroll of noise {unknown}
 g - 2 scrolls of fear {unknown}
 h - a scroll of blinking {unknown}
 i - a scroll of teleportation {unknown}
 j - 2 scrolls of vulnerability {unknown}
Potions
 b - 5 potions of mutation {unknown}
 d - a potion of flight {unknown}
 f - 2 potions of resistance {unknown}
 k - a potion of haste {unknown}
 n - a potion of lignification {unknown}
 o - a potion of degeneration {unknown}
 p - a potion of brilliance {unknown}


   Skills:
 - Level 4.0 Dodging
 + Level 4.7 Stealth
 * Level 6.7 Spellcasting
 + Level 3.4 Conjurations
 * Level 6.1 Fire Magic


You had 12 spell levels left.
You knew the following spells:

 Your Spells              Type           Power      Damage    Failure   Level
a - Foxfire               Conj/Fire      100%       2x1d9     1%          1
b - Scorch                Fire           68%        2d8       1%          2
c - Flame Wave            Conj/Fire      28%        2d8       12%         4

Your spell library contained the following spells:

 Spells                   Type           Power      Damage    Failure   Level
 Conjure Flame            Conj/Fire      28%        6-21      3%          3
 Inner Flame              Hex/Fire       20%        N/A       8%          3
 Ensorcelled Hibernation  Hex/Ice        14%        N/A       13%         2
 Ozocubu's Armour         Ice            7%         N/A       26%         3
 Spider Form              Tmut/Pois      7%         N/A       26%         3
 Anguish                  Hex/Necr       3%         N/A       63%         4
 Metabolic Englaciation   Hex/Ice        3%         N/A       93%         5
 Simulacrum               Ice/Necr       3%         N/A       100%        6


Dungeon Overview and Level Annotations

Branches:
Dungeon (4/15)
 Temple: D:4-7

Altars:
Uskayaw
Xom

Shops:
D:1 !


Message History

A wave of flame ripples out!
The flame wave engulfs the orc.
The orc is almost dead.
You hear a shout!
The orc hits you but does no damage.
Unknown command.
Unknown command.
Unknown command.
Unknown command.
A wave of flame ripples out!
The flame wave engulfs the orc!
You kill the orc!
The flame wave engulfs the gnoll sergeant.
The gnoll sergeant is moderately wounded.
The flame wave engulfs the orc!
You kill the orc!
You feel a bit more experienced.
You finish channelling waves of flame.
The gnoll sergeant hits you from afar with a +1 trident of flaming!
The gnoll sergeant burns you.
Unknown command.
Unknown command.
Casting: Flame Wave (quite dangerous; 12% risk of failure)
Confirm with . or Enter, or press ? or * to list all spells.
The spell is quite dangerous to miscast (12% risk of failure)!
Continue anyway?
Casting: Flame Wave (quite dangerous; 12% risk of failure)
Press: ? - help, Dir - look around, f - activate
Okay, then.
Casting: Flame Wave (quite dangerous; 12% risk of failure)
Confirm with . or Enter, or press ? or * to list all spells.
Flames lash the gnoll sergeant.
The gnoll sergeant is heavily wounded.
The gnoll sergeant's fire resistance burns away.
The gnoll sergeant hits you from afar with a +1 trident of flaming!
The gnoll sergeant burns you.
Casting: Scorch (safe; 1% risk of failure)
Confirm with . or Enter, or press ? or * to list all spells.
Flames lash the gnoll sergeant.
The gnoll sergeant is burned terribly!
The gnoll sergeant is almost dead.
The gnoll sergeant hits you from afar with a +1 trident of flaming!
* * * LOW HITPOINT WARNING * * *
The gnoll sergeant burns you.
You die...

#################################
#................P...............
#....P.............P.............
#....≈≈≈≈≈≈≈≈≈≈≈≈≈≈≈≈≈≈≈≈≈≈≈≈≈≈≈≈
#....≈≈≈≈≈≈≈≈≈≈≈≈≈≈≈≈≈≈≈≈≈≈≈≈≈≈≈≈
#....≈≈#####≈≈≈≈≈≈≈≈≈≈≈≈≈≈≈≈≈≈≈≈≈
#....≈≈#g..#.....†...............
#...P≈≈#...######################
#....≈≈###'#....@)gg.....#
#....≈≈≈.#.#...)###'########
#.P..≈≈≈.#.#..).#!#..o.o.oo.
#....≈≈≈.#.###'##.#......go.
#....≈≈≈.#......#.#.......gg
#....≈≈≈.#......#.'......g.o
#....≈≈≈.#.######################
#....≈≈≈.#.#...........#....#....
#....≈≈≈.#.'........)).)..).)....


You could see a gnoll sergeant (combustible) and a gnoll.

Vanquished Creatures
  A steam dragon (D:4)
  A scorpion (D:4)
  3 hounds (D:4)
  A centaur skeleton (D:3)
  A bullfrog skeleton (D:4)
  An iguana (D:4)
  2 hound skeletons (D:4)
  A howler monkey skeleton (D:4)
  17 gnolls
  6 adders
  An adder skeleton (D:4)
  3 dart slugs
  17 orcs
  6 ball pythons
  4 endoplasms
  4 giant cockroaches
  7 goblins
  9 hobgoblins
  25 jackals
  10 kobolds
  3 quokkas
  A bat (D:3)
  A frilled lizard (D:1)
  4 rats
129 creatures vanquished.

Vanquished Creatures (others)
  150 foxfires
  A plant (D:4)
151 creatures vanquished.

Grand Total: 280 creatures vanquished

Notes
Turn   | Place    | Note
-------+----------+-------------------------------------------
     0 | D:1      | Zeld the Deep Elf Fire Elementalist began the quest for the
                  | Orb.
     0 | D:1      | Reached XP level 1. HP: 10/10 MP: 6/6
   299 | D:1      | Found Nomayj's Distillery.
   331 | D:1      | Reached XP level 2. HP: 15/15 MP: 4/8
  1164 | D:1      | Reached XP level 3. HP: 19/19 MP: 6/10
  1167 | D:1      | Learned a level 2 spell: Scorch
  1739 | D:2      | Found a shimmering altar of Xom.
  1995 | D:2      | You fall into a shaft and drop 1 floor!
  2249 | D:3      | Noticed a +0 dagger
  2249 | D:3      | Noticed a +0 spear
  2250 | D:3      | Noticed a +0 spear
  2251 | D:3      | Noticed a +0 short sword
  2251 | D:3      | Noticed a +0 dagger
  2251 | D:3      | Noticed a +0 falchion
  2252 | D:3      | Noticed a +0 short sword
  2252 | D:3      | Noticed a +0 falchion
  2269 | D:3      | Reached XP level 4. HP: 17/24 MP: 1/12
  2359 | D:3      | Learned a level 4 spell: Flame Wave
  2361 | D:3      | Found a hide-covered altar of Uskayaw.
  2668 | D:3      | Found a faded altar of an unknown god.
  3224 | D:2      | Reached XP level 5. HP: 24/28 MP: 4/13
  3821 | D:4      | Noticed a steam dragon
  4163 | D:4      | Reached skill level 5 in Spellcasting
  4163 | D:4      | Reached XP level 6. HP: 29/32 MP: 15/15
  4249 | D:4      | Reached skill level 5 in Fire Magic
  4508 | D:4      | Killed a steam dragon
  4765 | D:4      | Reached XP level 7. HP: 36/36 MP: 17/17
  5677 | D:4      | Slain by a gnoll sergeant

Illustrated notes

Levels and vault maps discovered:
D:1:      saegor_arrival_simple_b, layout_basic, serial_shops, shop,
          chequers_serial_rivers_small_a
D:2:      layout_loops_ring, basic_altar
D:3:      layout_loops_ring, nicolae_uskayaw_en_pointe,
          hellmonk_ecumenical_altar_prayer_group
D:4:      lemuel_castle_with_subvaults [lemuel_castle_interior_carwin_1],
          layout_gridville, minmay_vboxes

Skill      XL: |  1  2  3  4  5  6  7 |
---------------+----------------------+-----
Dodging        | 3 4 |  4.0
Fire Magic     | 4 5 6 |  6.1
Spellcasting   | 4 5 6 |  6.7
Stealth        | 3 4 |  4.7
Conjurations   | 2 3 |  3.4

Action                   |  1- 3 |  4- 6 |  7- 9 || total
-------------------------+-------+-------+-------++-------
Melee: Unarmed           |    12 |     3 |     1 ||    16
 Cast: Foxfire           |    68 |    26 |     3 ||    97
       Scorch            |    14 |    61 |    48 ||   123
       Flame Wave        |       |       |     2 ||     2
Armor: Robe              |    14 |    11 |     7 ||    32
Dodge: Dodged            |    44 |    26 |    21 ||    91
